TOP OF THE 1ST |
Lakewood BlueClaws batting - Pitching for Dayton Dragons : RHP Ken Armstrong
|
Pitching: RHP Ken Armstrong
|
|
Batting: RHB Joe Hewitt
|
0-0: Called Strike 0-1: Ball 1-1: Ball 2-1: Called Strike 2-2: Strikes out looking
|
Batting: RHB Vaclav Been
|
0-0: Foul Ball, location: 2F 0-1: Fly out, F7 (Flyball, 7, EV 91.9 MPH)
|
Batting: LHB Eric Farren
|
0-0: Ball 1-0: Swinging Strike 1-1: Swinging Strike 1-2: Foul Ball, location: 2F 1-2: Strikes out swinging
|
Top of the 1st over - 0 runs, 0 hits, 0 errors, 0 left on base; Lakewood 0 - Dayton 0 |
BOTTOM OF THE 1ST |
Dayton Dragons batting - Pitching for Lakewood BlueClaws : RHP Danny Zuniga
|
Pitching: RHP Danny Zuniga
|
|
Batting: RHB Pat Mage
|
0-0: Ball 1-0: Foul Ball, location: 2F 1-1: Called Strike 1-2: Ball 2-2: Foul Ball, location: 2F 2-2: Ball 3-2: Ground out 4-3 (Groundball, 4, EV 104.4 MPH)
|
Batting: RHB Pedro Pinero
|
0-0: Called Strike 0-1: Ball 1-1: Fly out, F4 (Line Drive, 4M, EV 66.9 MPH)
|
Batting: RHB Mark Williams
|
0-0: Ball 1-0: Called Strike 1-1: Called Strike 1-2: Ground out 4-3 (Groundball, 4, EV 80.0 MPH)
|
Bottom of the 1st over - 0 runs, 0 hits, 0 errors, 0 left on base; Lakewood 0 - Dayton 0 |
TOP OF THE 2ND |
Lakewood BlueClaws batting - Pitching for Dayton Dragons : RHP Ken Armstrong
|
Batting: SHB Gabe Fraunfelder
|
0-0: Foul Ball, location: 2F 0-1: Foul Ball, location: 2F 0-2: Foul Ball, location: 2F 0-2: Fly out, F9 (Flyball, 9, EV 94.4 MPH)
|
Batting: RHB Allen Gravel
|
0-0: Called Strike 0-1: Ground out 4-3 (Groundball, 4S, EV 76.9 MPH)
|
Batting: RHB Marcus Dawson
|
0-0: Ground out 3-1 (Groundball, 34S, EV 93.8 MPH)
|
Top of the 2nd over - 0 runs, 0 hits, 0 errors, 0 left on base; Lakewood 0 - Dayton 0 |
BOTTOM OF THE 2ND |
Dayton Dragons batting - Pitching for Lakewood BlueClaws : RHP Danny Zuniga
|
Batting: LHB Chris Redhead
|
0-0: Ball 1-0: Ball 2-0: Ball 3-0: Called Strike 3-1: Called Strike 3-2: Fly out, F7 (Flyball, 7S, EV 94.4 MPH)
|
Batting: RHB Joe Kooyers
|
0-0: Ball 1-0: Ball 2-0: DOUBLE (Line Drive, 78D, EV 110.0 MPH)
|
Batting: RHB Felipe Pineda
|
0-0: Called Strike 0-1: Foul Ball, location: 2F 0-2: Ball 1-2: Ball 2-2: Strikes out swinging
|
Batting: LHB Armando Arellano
|
0-0: Ball 1-0: Foul Ball, location: 2F 1-1: Foul Ball, location: 2F 1-2: Strikes out swinging
|
Bottom of the 2nd over - 0 runs, 1 hit, 0 errors, 1 left on base; Lakewood 0 - Dayton 0 |
TOP OF THE 3RD |
Lakewood BlueClaws batting - Pitching for Dayton Dragons : RHP Ken Armstrong
|
Batting: RHB Frank Ramirez
|
0-0: Ball 1-0: Called Strike 1-1: Ball 2-1: Swinging Strike 2-2: Foul Ball, location: 2F 2-2: Strikes out swinging
|
Batting: RHB Cory Bonham
|
0-0: Ball 1-0: Ball 2-0: Called Strike 2-1: Ground out 6-3 (Groundball, 6, EV 86.2 MPH)
|
Batting: RHB Ioan Biros
|
0-0: Called Strike 0-1: Called Strike 0-2: Strikes out swinging
|
Top of the 3rd over - 0 runs, 0 hits, 0 errors, 0 left on base; Lakewood 0 - Dayton 0 |
BOTTOM OF THE 3RD |
Dayton Dragons batting - Pitching for Lakewood BlueClaws : RHP Danny Zuniga
|
Batting: RHB Rongo Olopoto
|
0-0: Ball 1-0: Ball 2-0: Ball 3-0: Base on Balls
|
Batting: RHB Jung-keun Bai
|
0-0: Ball 1-0: Ball 2-0: Ball 3-0: Base on Balls Rongo Olopoto to second
|
Batting: RHB Pat Mage
|
0-0: Ball 1-0: Swinging Strike 1-1: Ball 2-1: Foul Ball, location: 2F 2-2: Fielders Choice at 2nd, 4-6 (Groundball, 4, EV 80.0 MPH) Rongo Olopoto to third
|
Batting: RHB Pedro Pinero
|
0-0: Ball 1-0: Called Strike Pat Mage steals 2nd base 1-1: SINGLE (Flyball, 89S, EV 83.8 MPH) Rongo Olopoto scores Pat Mage to third
|
Batting: RHB Mark Williams
|
0-0: Called Strike 0-1: Ball Pedro Pinero steals 2nd base 1-1: Ball 2-1: Reached on error, E3 (Groundball, 3, EV 101.9 MPH) Pat Mage scores Pedro Pinero to third
|
Batting: LHB Chris Redhead
|
0-0: Ball 1-0: Ball 2-0: Fly out, F8 (Flyball, 8LM, EV 90.0 MPH)
|
Batting: RHB Joe Kooyers
|
0-0: Ground out 4-3 (Groundball, 13, EV 79.4 MPH)
|
Bottom of the 3rd over - 2 runs, 1 hit, 1 error, 2 left on base; Lakewood 0 - Dayton 2 |
TOP OF THE 4TH |
Lakewood BlueClaws batting - Pitching for Dayton Dragons : RHP Ken Armstrong
|
Batting: RHB Joe Hewitt
|
0-0: Foul Ball, location: 2F 0-1: Ball 1-1: Ball 2-1: Ball 3-1: Foul Ball, location: 2F 3-2: Strikes out swinging
|
Batting: RHB Vaclav Been
|
0-0: Fly out, F8 (Flyball, 8LD, EV 89.4 MPH)
|
Batting: LHB Eric Farren
|
0-0: Ball 1-0: Called Strike 1-1: Ball 2-1: Ball 3-1: Ground out 6-3 (Groundball, 6, EV 87.5 MPH)
|
Top of the 4th over - 0 runs, 0 hits, 0 errors, 0 left on base; Lakewood 0 - Dayton 2 |
BOTTOM OF THE 4TH |
Dayton Dragons batting - Pitching for Lakewood BlueClaws : RHP Danny Zuniga
|
Batting: RHB Felipe Pineda
|
0-0: Ball 1-0: Swinging Strike 1-1: Ball 2-1: SOLO HOME RUN (Flyball, 7D, EV 94.4 MPH), Distance : 361 ft
|
Batting: LHB Armando Arellano
|
0-0: Called Strike 0-1: SOLO HOME RUN (Line Drive, 9D, EV 97.5 MPH), Distance : 377 ft
|
Batting: RHB Rongo Olopoto
|
0-0: Called Strike 0-1: Foul Ball, location: 2F 0-2: Strikes out swinging
|
Batting: RHB Jung-keun Bai
|
0-0: Ball 1-0: SINGLE (Groundball, 56D, EV 96.9 MPH)
|
Batting: RHB Pat Mage
|
0-0: Ball 1-0: Called Strike 1-1: Called Strike 1-2: Grounds into double play, 5-4-3 (Groundball, 56, EV 109.4 MPH)
|
Bottom of the 4th over - 2 runs, 3 hits, 0 errors, 0 left on base; Lakewood 0 - Dayton 4 |
TOP OF THE 5TH |
Lakewood BlueClaws batting - Pitching for Dayton Dragons : RHP Ken Armstrong
|
Batting: SHB Gabe Fraunfelder
|
0-0: Ball 1-0: Swinging Strike 1-1: Ball 2-1: Ball 3-1: SINGLE (Groundball, 56S, EV 70.0 MPH) (infield hit)
|
Batting: RHB Allen Gravel
|
0-0: Ball 1-0: Called Strike 1-1: Fly out, F7 (Flyball, 7, EV 91.9 MPH)
|
Batting: RHB Marcus Dawson
|
0-0: Ball 1-0: Swinging Strike 1-1: Ball Gabe Fraunfelder is caught stealing 2nd base 2-4 2-1: Ball 3-1: Called Strike 3-2: Strikes out swinging, 2-3 out at first.
|
Top of the 5th over - 0 runs, 1 hit, 0 errors, 0 left on base; Lakewood 0 - Dayton 4 |
BOTTOM OF THE 5TH |
Dayton Dragons batting - Pitching for Lakewood BlueClaws : RHP Danny Zuniga
|
Batting: RHB Pedro Pinero
|
0-0: Ball 1-0: Called Strike 1-1: Called Strike 1-2: Ball 2-2: Strikes out swinging
|
Batting: RHB Mark Williams
|
0-0: Foul Ball, location: 2F 0-1: Ball 1-1: Ground out 4-3 (Groundball, 4M, EV 102.5 MPH)
|
Batting: LHB Chris Redhead
|
0-0: Ball 1-0: Called Strike 1-1: Called Strike 1-2: Foul Ball, location: 2F 1-2: SOLO HOME RUN (Line Drive, 89XD, EV 98.1 MPH), Distance : 388 ft
|
Pitching: LHP Ruben Rojas
|
|
Batting: RHB Joe Kooyers
|
0-0: Called Strike 0-1: Called Strike 0-2: Ground out 6-3 (Groundball, 6D, EV 98.8 MPH)
|
Bottom of the 5th over - 1 run, 1 hit, 0 errors, 0 left on base; Lakewood 0 - Dayton 5 |
TOP OF THE 6TH |
Lakewood BlueClaws batting - Pitching for Dayton Dragons : RHP Ken Armstrong
|
Batting: RHB Frank Ramirez
|
0-0: Swinging Strike 0-1: Ball 1-1: Ball 2-1: Foul Ball, location: 2F 2-2: Ball 3-2: Strikes out swinging
|
Batting: RHB Cory Bonham
|
0-0: Called Strike 0-1: Foul Ball, location: 2F 0-2: Ground out U3 (Groundball, 34, EV 93.8 MPH)
|
Batting: RHB Ioan Biros
|
0-0: Ball 1-0: Called Strike 1-1: Ball 2-1: Ball 3-1: SINGLE (Groundball, 6D, EV 98.1 MPH)
|
Batting: RHB Joe Hewitt
|
0-0: Called Strike 0-1: Ground out 4-3 (Groundball, 4, EV 110.6 MPH)
|
Top of the 6th over - 0 runs, 1 hit, 0 errors, 1 left on base; Lakewood 0 - Dayton 5 |
BOTTOM OF THE 6TH |
Dayton Dragons batting - Pitching for Lakewood BlueClaws : LHP Ruben Rojas
|
Batting: RHB Felipe Pineda
|
0-0: Foul Ball, location: 2F 0-1: Foul Ball, location: 2F 0-2: Ball 1-2: Strikes out swinging
|
Batting: LHB Armando Arellano
|
0-0: Called Strike 0-1: Foul Ball, location: 2F 0-2: Foul Ball, location: 2F 0-2: Ball 1-2: Strikes out looking
|
Batting: RHB Rongo Olopoto
|
0-0: Called Strike 0-1: Ball 1-1: Ball 2-1: Foul Ball, location: 2F 2-2: Strikes out swinging
|
Bottom of the 6th over - 0 runs, 0 hits, 0 errors, 0 left on base; Lakewood 0 - Dayton 5 |
TOP OF THE 7TH |
Lakewood BlueClaws batting - Pitching for Dayton Dragons : RHP Ken Armstrong
|
Pitching: LHP Haunani Moritiica
|
|
Batting: RHB Vaclav Been
|
0-0: Called Strike 0-1: Swinging Strike 0-2: Ball 1-2: Strikes out swinging
|
Batting: LHB Eric Farren
|
0-0: Swinging Strike 0-1: Swinging Strike 0-2: Strikes out swinging
|
Batting: SHB Gabe Fraunfelder
|
0-0: Foul Ball, location: 2F 0-1: Ball 1-1: Called Strike 1-2: Strikes out swinging
|
Top of the 7th over - 0 runs, 0 hits, 0 errors, 0 left on base; Lakewood 0 - Dayton 5 |
BOTTOM OF THE 7TH |
Dayton Dragons batting - Pitching for Lakewood BlueClaws : LHP Ruben Rojas
|
Batting: RHB Jung-keun Bai
|
0-0: Ball 1-0: Ball 2-0: Ball 3-0: Base on Balls
|
Batting: RHB Pat Mage
|
0-0: Ball Passed Ball! Jung-keun Bai to second 1-0: Ball 2-0: Ball 3-0: Called Strike 3-1: DOUBLE (Line Drive, 5D, EV 105.6 MPH) Jung-keun Bai scores
|
Batting: RHB Pedro Pinero
|
0-0: Ball 1-0: Ball 2-0: Called Strike 2-1: Swinging Strike 2-2: Strikes out swinging
|
Batting: RHB Mark Williams
|
0-0: Ball 1-0: Foul Ball, location: 2F 1-1: Ball 2-1: Called Strike Pat Mage steals 3rd base 2-2: SINGLE (Groundball, 5S, EV 66.9 MPH) (infield hit) Pat Mage scores
|
Batting: LHB Chris Redhead
|
0-0: Called Strike 0-1: Swinging Strike 0-2: DOUBLE (Line Drive, 9LM, EV 104.4 MPH) Mark Williams to third
|
Batting: RHB Joe Kooyers
|
0-0: Called Strike 0-1: Ball 1-1: Ball 2-1: Ground out 6-3 (Groundball, P, EV 88.1 MPH) Mark Williams scores Chris Redhead to third
|
Batting: RHB Felipe Pineda
|
0-0: Swinging Strike 0-1: Ball 1-1: Foul Ball, location: 2F 1-2: Strikes out swinging
|
Bottom of the 7th over - 3 runs, 3 hits, 0 errors, 1 left on base; Lakewood 0 - Dayton 8 |
TOP OF THE 8TH |
Lakewood BlueClaws batting - Pitching for Dayton Dragons : LHP Haunani Moritiica
|
Batting: RHB Allen Gravel
|
0-0: Ball 1-0: Ball 2-0: Ball 3-0: Base on Balls
|
Batting: RHB Marcus Dawson
|
0-0: Called Strike 0-1: Ball 1-1: SINGLE (Groundball, 25, EV 67.5 MPH) (infield hit) Allen Gravel to second
|
Batting: RHB Frank Ramirez
|
0-0: Ball 1-0: SINGLE (Groundball, 6D, EV 93.8 MPH) Allen Gravel to third Marcus Dawson to second Runner from 3rd tries for Home, SAFE, throw by CF to home
|
Batting: RHB Cory Bonham
|
0-0: Ball 1-0: Swinging Strike 1-1: Called Strike 1-2: Strikes out looking
|
Batting: RHB Ioan Biros
|
0-0: Ball 1-0: Ball 2-0: Fielders Choice at 2nd, 5-4 (Groundball, 56, EV 88.8 MPH) Marcus Dawson to third
|
Pitching: RHP Kyle Vance
|
|
Pinch Hitting: SHB Ben Myers
|
0-0: Called Strike 0-1: Ball 1-1: Swinging Strike 1-2: Strikes out swinging
|
Top of the 8th over - 1 run, 2 hits, 0 errors, 2 left on base; Lakewood 1 - Dayton 8 |
BOTTOM OF THE 8TH |
Dayton Dragons batting - Pitching for Lakewood BlueClaws : LHP Ruben Rojas
|
Now at 1B: Ben Myers
|
|
Batting: LHB Armando Arellano
|
0-0: Ball 1-0: Ball 2-0: Called Strike 2-1: Swinging Strike 2-2: Ground out 4-3 (Groundball, 4, EV 108.1 MPH)
|
Batting: RHB Rongo Olopoto
|
0-0: Foul Ball, location: 2F 0-1: Called Strike 0-2: Ball 1-2: Foul Ball, location: 2F 1-2: Ball 2-2: Strikes out swinging
|
Batting: RHB Jung-keun Bai
|
0-0: Called Strike 0-1: Ball 1-1: Swinging Strike 1-2: Strikes out swinging
|
Bottom of the 8th over - 0 runs, 0 hits, 0 errors, 0 left on base; Lakewood 1 - Dayton 8 |
TOP OF THE 9TH |
Lakewood BlueClaws batting - Pitching for Dayton Dragons : RHP Kyle Vance
|
Batting: RHB Vaclav Been
|
0-0: Ball 1-0: Ground out 6-3 (Groundball, 6, EV 87.5 MPH)
|
Batting: LHB Eric Farren
|
0-0: Called Strike 0-1: Ball 1-1: Ball 2-1: Ground out 4-3 (Groundball, 4, EV 89.4 MPH)
|
Batting: SHB Gabe Fraunfelder
|
0-0: Ground out U3 (Groundball, 34S, EV 90.0 MPH)
|
Top of the 9th over - 0 runs, 0 hits, 0 errors, 0 left on base; Lakewood 1 - Dayton 8 |
|